 Dungeon Crawl Stone Soup version 0.31.0-12-g77e489cdc1 (webtiles) character file.

Game seed: 6473135545830972639

18 Descartes the Scratcher (level 2, -2/14 HPs)
             Began as a Felid Shapeshifter on Feb 15, 2024.
             Slain by a gnoll
             ... wielding a +0 spear
              (8 damage)
             ... on level 2 of the Dungeon.
             The game lasted 00:01:35 (978 turns).

Descartes the Scratcher (Felid Shapeshifter)         Turns: 978, Time: 00:01:35

Health: -2/14      AC:  1    Str: 10    XL:     2   Next: 48%
Magic:  3/3        EV: 17    Int: 13    God:
Gold:   66         SH:  0    Dex: 15    Spells: 1/1 levels left
                                        Lives:  0   Deaths: 1

rFire   . .          .
                       - Unarmed
rCold   . . .        (shield unavailable)
rNeg    . . .        (body armour unavailable)
rPois   .            (helmet unavailable)
rElec   .            (cloak unavailable)
rCorr   .            (gloves unavailable)
SInv    +            (boots unavailable)
Will    .....        (no amulet)
Stlth   +            (no ring)
HPRegen 0.22/turn    (no ring)
MPRegen 0.08/turn

%: no passive effects
@: beast-form
A: beast (slay +1), very small, claws 1, fangs 3, see invisible, shaggy fur 1,
stealthy paws, no weapons or thrown items, no armour, multi-lived
a: Begin Untransformation


You were on level 2 of the Dungeon.
You were a hulking beast.
You visited 1 branch of the dungeon, and saw 2 of its levels.

You collected 66 gold pieces.

Inventory:

Jewellery
 j - a ring of protection from fire
Talismans
 b - a beast talisman
 c - a flux talisman
Scrolls
 f - a scroll of identify {unknown}
 g - a scroll of enchant armour {unknown}
Potions
 a - a potion of lignification
 d - a potion of attraction {unknown}
 e - 2 potions of invisibility {unknown}
 h - 3 potions of haste {unknown}
 i - a potion of enlightenment {unknown}
 k - a potion of resistance {unknown}


   Skills:
 - Level 1.0 Fighting
 + Level 3.2 Dodging
 + Level 3.3 Unarmed Combat
 + Level 2.9 Shapeshifting


You had one spell level left.
You didn't know any spells.
Your spell library was empty.

Dungeon Overview and Level Annotations

Branches:
Dungeon (2/15)

Altars:


Innate Abilities, Weirdness & Mutations

You are a hulking beast.
Your limbs bulge with bestial killing power. (Slay +1)
You have sharp claws.
You have razor-sharp teeth.
You have supernaturally acute eyesight. (SInv)
You are covered in fur. (AC +1)
Your paws help you pounce on unaware monsters.
You are incapable of wielding weapons or throwing items.
You cannot wear armour.
You gain extra lives every three experience levels.


Message History

No target in view!
No target in view!
No target in view!
No target in view!
HP restored.
You now have 52 gold pieces (gained 7).
You now have 66 gold pieces (gained 14).
A gnoll comes into view. It is wielding a +0 spear.
A gnoll is nearby!
Found a stone staircase leading up. 2 gnolls come into view.
The gnoll shouts!
The gnoll hits you with a +0 spear. The gnoll completely misses you.
You closely miss the gnoll. The gnoll closely misses you. x3
You scratch the gnoll. Your bite misses the gnoll.
The gnoll is heavily wounded.
The gnoll misses you.
The gnoll hits you from afar with a +0 spear.
You are too injured to fight recklessly!
You are too injured to fight recklessly!
You are too injured to fight recklessly!
You are too injured to fight recklessly!
You are too injured to fight recklessly!
You are too injured to fight recklessly!
You are too injured to fight recklessly!
You are too injured to fight recklessly!
You are too injured to fight recklessly!
You are too injured to fight recklessly!
You are too injured to fight recklessly!
You are too injured to fight recklessly!
You are too injured to fight recklessly!
You are too injured to fight recklessly!
You are too injured to fight recklessly!
Unknown command.
The gnoll barely misses you. The gnoll attacks as it pursues you!
The gnoll closely misses you. The gnoll attacks as it pursues you!
The gnoll hits you from afar with a +0 spear!
Ouch! That really hurt!
You die...

.# ....... .#.# .......
##.#.# ....... ...#.#
....... #########..#.#
....... ...........#.#
.g.....
........#.##.#####g......
#.......................
#.####.#......h.g.......
# #....####.............
#.#.#..# #..?..........
#.#.#..####.....#...<...
#...............#.######
#####.#.............#
......#..............
.............#####....
.....##......## ..##


You could see 3 gnolls.

Vanquished Creatures
  A dart slug (D:1)
  A bat (D:1)
  2 giant cockroaches (D:1)
  2 goblins (D:1)
  2 hobgoblins
  2 kobolds (D:1)
  2 ball pythons (D:1)
  2 frilled lizards (D:1)
  A rat (D:1)
15 creatures vanquished.

Notes
Turn   | Place    | Note
-------+----------+-------------------------------------------
     0 | D:1      | Descartes the Felid Shapeshifter began the quest for the
                  | Orb.
     0 | D:1      | Reached XP level 1. HP: 10/10 MP: 2/2
    51 | D:1      | Slain by a kobold
    51 | D:1      | Lost a life (0 lives remaining)
   231 | D:1      | Reached XP level 2. HP: 6/14 MP: 3/3
   978 | D:2      | Slain by a gnoll

Illustrated notes

Levels and vault maps discovered:
D:1:      dpeg_arrival_erosion, layout_basic
D:2:      layout_basic, corexii_leaking_fountain, uniq_robin

Skill      XL: |  1 |
---------------+----+-----
Dodging        | 3 |  3.2
Fighting       | |  1.0
Unarmed Combat | |  3.3
Shapeshifting  | |  2.9

Action                     || total
---------------------------++-------
  Melee: Unarmed           ||    31
         Punch             ||     2
         Bite              ||     2
   Stab: Sleeping          ||     1
 Armour: Skin              ||    13
  Dodge: Dodged            ||    25
